 Dungeon Crawl Stone Soup version 0.22.0-49-gab54619 (webtiles) character file.

566 Folque the Chucker (level 7, -5/70 HPs)
             Began as an Ogre Hunter on Sept 7, 2018.
             Slain by an iguana (12 damage)
             ... on level 4 of the Dungeon.
             The game lasted 00:13:26 (3195 turns).

Folque the Chucker (Ogre Hunter)                    Turns: 3195, Time: 00:13:27

Health: -5/70      AC:  5    Str: 17    XL:     7   Next: 32%
Magic:  7/7        EV: 11    Int: 12    God:
Gold:   85         SH:  0    Dex: 11    Spells: 6/6 levels left

rFire    . . .     SeeInvis .   h - +2 quarterstaff (chaos)
rCold    . . .     Gourm    .   (shield currently unavailable)
rNeg     . . .     Faith    .   b - +1 robe
rPois    .         Spirit   .   (helmet restricted)
rElec    .         Reflect  .   w - +0 cloak
rCorr    .         Harm     .   (gloves unavailable)
MR       .....                  (boots unavailable)
Stlth    +.........             (no amulet)
HPRegen  0.21/turn              (no ring)
MPRegen  0.10/turn              (no ring)

@: no status effects
A: large, unfitting armour, tough skin 1
a: no special abilities


You were on level 4 of the Dungeon.
You were hungry.

You visited 1 branch of the dungeon, and saw 4 of its levels.

You collected 85 gold pieces.

Inventory:

Hand Weapons
 a - a +0 short sword
 h - a +2 quarterstaff of chaos (weapon)
 m - a +2 dagger of draining
 p - a +0 hunting sling
 y - a +0 club
Missiles
 d - 3 throwing nets (quivered)
 e - 112 stones
 k - 20 poisoned needles
 l - 35 sling bullets
Armour
 b - a +1 robe (worn)
 g - a +0 shield
 w - a +0 cloak (worn)
 x - a cursed -1 robe
Jewellery
 o - a cursed amulet of inaccuracy
 u - an uncursed amulet of magic regeneration
Wands
 s - a wand of polymorph (19)
Scrolls
 i - a scroll of enchant armour
 q - 2 scrolls of random uselessness {unknown}
 t - 2 scrolls of teleportation {unknown}
 v - a scroll of enchant weapon {unknown}
 B - a scroll of amnesia {unknown}
Potions
 r - a potion of curing {unknown}
 A - a potion of flight {unknown}
Comestibles
 f - 5 rations
 j - 3 chunks of flesh


   Skills:
 - Level 4.0 Fighting
 + Level 2.0(3.9) Slings
 * Level 7.0(7.3) Throwing
 - Level 3.3 Dodging
 - Level 0.6 Stealth


You had 6 spell levels left.
You didn't know any spells.
Your spell library was empty.

Dungeon Overview and Level Annotations

Branches:
Dungeon (4/15)
 Temple: D:4-7

Altars:
Ashenzari
Vehumet


Innate Abilities, Weirdness & Mutations

You are too large for most types of armour.
You have tough skin. (AC +1)


Message History

Press: ? - help, Shift-Dir - straight line, f - iguana
Aim: an iguana You throw a large rock.
The large rock barely misses the iguana.
Throwing (i - inventory. (/) - cycle)
c - a large rock (quivered)
Press: ? - help, Shift-Dir - straight line, f/p - iguana
Aim: an iguana You throw a large rock.
The large rock hits the iguana.
The iguana is moderately wounded.
The iguana bites you but does no damage.
You thump the iguana!
The iguana goes berserk!
The iguana is severely wounded.
The iguana bites you. The iguana bites you!!
* * * LOW HITPOINT WARNING * * *
You barely miss the iguana.
The iguana is severely wounded.
The iguana bites you!
* * * LOW HITPOINT WARNING * * *
The iguana bites you!
You die...

.....
###.#.
.....#
...( #..#
#..#
#..##$#
####@....#
#..l<#####
#(#### ..
#.. ##


You could see an iguana (berserk).

Vanquished Creatures
  An ogre (D:4)
  A scorpion (D:3)
  Crazy Yiuf (D:2)
  A bullfrog skeleton (D:4)
  Jessica (D:2)
  Natasha (thrice) (D:2)
  3 orc wizards (D:4)
  3 adders
  7 gnolls
  An ooze (D:3)
  2 worms
  3 dart slugs
  2 leopard geckos (D:2)
  3 orcs (D:3)
  4 giant cockroaches
  4 goblins (D:1)
  16 hobgoblins
  4 jackals (D:3)
  9 kobolds
  A quokka (D:2)
  2 ball pythons
  13 bats
  5 frilled lizards
  6 rats
96 creatures vanquished.

Notes
Turn   | Place    | Note
-------+----------+-------------------------------------------
     0 | D:1      | Folque the Ogre Hunter began the quest for the Orb.
     0 | D:1      | Reached XP level 1. HP: 22/22 MP: 1/1
   410 | D:1      | Reached XP level 2. HP: 30/31 MP: 2/2
   616 | D:1      | Reached XP level 3. HP: 39/39 MP: 3/3
  1213 | D:2      | Reached XP level 4. HP: 27/48 MP: 4/4
  1344 | D:2      | Noticed Natasha
  1355 | D:2      | Killed Natasha
  1355 | D:2      | Reached skill level 5 in Throwing
  1427 | D:2      | Noticed Natasha
  1438 | D:2      | Killed Natasha
  1438 | D:2      | Reached XP level 5. HP: 29/54 MP: 5/5
  1583 | D:2      | Noticed Natasha
  1585 | D:2      | Killed Natasha
  1630 | D:2      | Found a radiant altar of Vehumet.
  1664 | D:2      | Noticed Jessica
  1673 | D:2      | Killed Jessica
  2093 | D:2      | Found a runed door.
  2097 | D:2      | Noticed Crazy Yiuf
  2100 | D:2      | Killed Crazy Yiuf
  2100 | D:2      | Reached XP level 6. HP: 55/62 MP: 6/6
  2459 | D:3      | Reached skill level 6 in Throwing
  2512 | D:3      | Reached skill level 1 in Slings
  2686 | D:3      | Found a shattered altar of Ashenzari.
  3130 | D:4      | Reached XP level 7. HP: 62/70 MP: 7/7
  3181 | D:4      | Reached skill level 7 in Throwing
  3195 | D:4      | Slain by an iguana

Skill      XL: |  1  2  3  4  5  6  7 |
---------------+----------------------+-----
Fighting       | 3 4 |  4.0
Dodging        | 2 3 |  3.3
Throwing       | 5 6 7 |  7.0
Slings         | 1 2 |  2.0
Stealth        | |  0.6

Action                   |  1- 3 |  4- 6 |  7- 9 || total
-------------------------+-------+-------+-------++-------
Melee: Short sword       |    84 |       |       ||    84
       Dagger            |     8 |    85 |       ||    93
       Quarterstaff      |       |    64 |    11 ||    75
Throw: Large rock        |     2 |    31 |     4 ||    37
  Use: Scroll            |     4 |     5 |       ||     9
 Stab: Sleeping          |     1 |     1 |       ||     2
  Eat: Chunk             |     1 |     6 |       ||     7
Armor: Robe              |    30 |    53 |     6 ||    89
Dodge: Dodged            |    37 |   109 |     8 ||   154
